 Dungeon Crawl Stone Soup version 0.26.1-11-gd32895ea62 (webtiles) character file.

Game seed: 4283423184604429129

327 promet the Magician (level 6, -1/32 HPs)
             Began as a Deep Elf Venom Mage on June 2, 2021.
             Slain by Natasha (2 damage)
             ... on level 3 of the Dungeon.
             The game lasted 00:28:06 (4096 turns).

promet the Magician (Deep Elf Venom Mage)           Turns: 4096, Time: 00:28:06

Health: -1/32      AC:  5    Str:  7    XL:     6   Next: 24%
Magic:  0/16       EV: 12    Int: 20    God:
Gold:   94         SH:  0    Dex: 15    Spells: 13/16 levels left

rFire    . . .     SeeInvis .   a - staff of cold (curse)
rCold    + . .     Faith    .   (no shield)
rNeg     . . .     Spirit   +   b - +0 leather armour
rPois    .         Reflect  .   (no helmet)
rElec    .         Harm     .   x - +0 cloak
rCorr    .         Rampage  .   (no gloves)
Will     .....                  h - +0 pair of boots
Stlth    ++........             k - amulet of guardian spirit
HPRegen  0.10/turn              (no ring)
MPRegen  0.15/turn              (no ring)

@: slowed, very slow
A: no striking features
a: no special abilities


You were on level 3 of the Dungeon.
You visited 1 branch of the dungeon, and saw 3 of its levels.

You collected 94 gold pieces.

Inventory:

Hand Weapons
 o - a +0 dagger
 q - a +0 dagger
 r - a +2 war axe of electrocution
 t - a +0 war axe of freezing
 w - a +0 falchion
Missiles
 d - 72 bolts
 e - 41 poisoned darts (quivered)
 f - 49 arrows
 i - 51 stones
 s - 36 sling bullets
 u - 6 atropa-tipped darts
Armour
 b - a +0 leather armour (worn)
 c - a +0 robe
 h - a +0 pair of boots (worn)
 j - a +0 buckler
 x - a +0 cloak (worn)
Magical Staves
 a - a cursed staff of cold (weapon)
Jewellery
 k - an amulet of guardian spirit (around neck)
Wands
 m - a wand of acid (8)
Scrolls
 y - a scroll of identify
Potions
 g - a potion of resistance
 l - 2 potions of flight


   Skills:
 + Level 0.2 Fighting
 + Level 1.0 Staves
 + Level 0.2 Throwing
 + Level 1.2 Armour
 + Level 3.0 Dodging
 + Level 2.5 Stealth
 * Level 5.7 Spellcasting
 + Level 2.0 Transmutations
 + Level 1.1 Air Magic
 + Level 4.1 Poison Magic
 * Level 2.3 Evocations


You had 13 spell levels left.
You knew the following spells:

 Your Spells              Type           Power        Failure   Level
a - Sting                 Tmut/Pois      72%          4%          1
b - Poisonous Vapours     Pois/Air       32%          8%          2

Your spell library contained the following spells:

 Spells                   Type           Power        Failure   Level
 Ignite Poison            Fire/Tmut/Pois 14%          21%         3
 Mephitic Cloud           Conj/Pois/Air  12%          22%         3
 Olgreb's Toxic Radiance  Pois           22%          28%         4


Dungeon Overview and Level Annotations

Branches:
Dungeon (3/15)

Altars:
Uskayaw

Annotations:
D:3 Natasha


Message History

You feel better.
Natasha zaps a wand.
The puff of flame hits you!
* * * LOW HITPOINT WARNING * * *
You completely miss Natasha.
Natasha is moderately wounded.
Natasha zaps a wand.
The puff of flame misses you. Natasha claws you.
* * * LOW HITPOINT WARNING * * *
You feel better. Natasha casts a spell at you. The magic dart hits you!
* * * LOW HITPOINT WARNING * * *
You hit Natasha.
Natasha is moderately wounded.
Natasha casts a spell at you. You resist with some effort.
Natasha claws you but does no damage.
You closely miss Natasha.
Natasha is moderately wounded.
Natasha zaps a wand.
The puff of flame hits you.
* * * LOW HITPOINT WARNING * * *
Natasha claws you.
You die...

#############################
...................).........
........#####################
## #######.....######### ...
#####†........####..
.#.################...........
.............)†.@h..###.......
##....############### ###....
.####........# ...
..##########.## . ....###
#..### #. # .##...#######.@.#
#.# # ..##......# ###......
... # #.##......# .#.... #.###
#.##......# # ... #..#.


You could see Natasha.

Vanquished Creatures
  Sigmund (D:3)
  An orc wizard (D:3)
  Natasha (D:3)
  2 adders (D:3)
  4 worms
  2 dart slugs
  2 leopard geckos
  4 orcs
  6 bats
  7 giant cockroaches
  6 goblins
  11 hobgoblins
  6 jackals
  4 quokkas (D:2)
  3 frilled lizards
  8 kobolds
  5 rats
73 creatures vanquished.

Notes
Turn   | Place    | Note
-------+----------+-------------------------------------------
     0 | D:1      | promet the Deep Elf Venom Mage began the quest for the Orb.
     0 | D:1      | Reached XP level 1. HP: 10/10 MP: 6/6
   322 | D:1      | Reached XP level 2. HP: 15/15 MP: 2/8
   325 | D:1      | Learned a level 2 spell: Poisonous Vapours
  1260 | D:2      | Reached skill level 4 in Spellcasting
  1267 | D:2      | Reached XP level 3. HP: 14/19 MP: 2/10
  2124 | D:2      | Found a hide-covered altar of Uskayaw.
  2776 | D:2      | Reached skill level 1 in Staves
  2837 | D:3      | Noticed Sigmund
  3060 | D:3      | Reached XP level 4. HP: 21/24 MP: 9/12
  3131 | D:2      | Reached skill level 1 in Evocations
  3423 | D:3      | Noticed Natasha
  3428 | D:3      | Killed Natasha
  3429 | D:3      | Reached XP level 5. HP: 28/28 MP: 9/14
  3717 | D:3      | Reached skill level 5 in Spellcasting
  4079 | D:3      | Noticed Natasha
  4080 | D:3      | HP: 1/28 [Natasha/puff of flame (6)]
  4082 | D:3      | Killed Sigmund
  4083 | D:3      | Reached skill level 1 in Armour
  4083 | D:3      | Reached skill level 1 in Air Magic
  4083 | D:3      | Reached XP level 6. HP: 21/32 MP: 0/16
  4093 | D:3      | HP: 1/32 [Natasha (5)]
  4096 | D:3      | Slain by Natasha

Illustrated notes

Levels and vault maps discovered:
D:1:      minmay_arrival_checkered_box, layout_loops_ring
D:2:      cheibrodos_helix_gallery, layout_basic,
          nicolae_overflow_hidden_temple, kennysheep_pointless_box
D:3:      layout_rooms, nrook_mini_vaults, uniq_sigmund, uniq_natasha,
          uniq_grinder

Skill      XL: |  1  2  3  4  5 |
---------------+----------------+-----
Spellcasting   | 4 5 |  5.7
Staves         | 1 |  1.0
Evocations     | 1 2 |  2.3
Armour         | 1 |  1.2
Dodging        | 3 |  3.0
Transmutations | 2 |  2.0
Air Magic      | 1 |  1.1
Poison Magic   | 4 |  4.1
Fighting       | |  0.2
Throwing       | |  0.2
Stealth        | |  2.5

Action                   |  1- 3 |  4- 6 || total
-------------------------+-------+-------++-------
Melee: Club              |    11 |       ||    11
       Staff             |   126 |    62 ||   188
Throw: Stone             |     8 |       ||     8
       Dart              |       |     3 ||     3
 Cast: Sting             |    43 |    19 ||    62
       Poisonous Vapours |    13 |    20 ||    33
  Use: Potion            |     2 |     6 ||     8
       Scroll            |     8 |     1 ||     9
 Stab: Sleeping          |     3 |       ||     3
Armor: Leather armour    |    44 |    22 ||    66
Dodge: Dodged            |   109 |    48 ||   157
Block: Buckler           |     2 |       ||     2
